 Dungeon Crawl Stone Soup version 0.22-a0-284-g99d1f74 (webtiles) character file.

101474 inmateoo the Brawler (level 15, -8/149 HPs)
             Began as a Troll Conjurer on Jan 17, 2018.
             Was the Champion of Wu Jian.
             Mangled by a blink frog (12 damage)
             ... on level 6 of the Lair of Beasts on Mar 21, 2018.
             The game lasted 00:46:40 (21716 turns).

inmateoo the Brawler (Troll Conjurer)              Turns: 21716, Time: 00:46:41

Health: -8/149     AC: 13    Str: 25    XL:     15   Next: 83%
Magic:  20/20      EV: 10    Int: 11    God:    Wu Jian [******]
Gold:   521        SH: 13    Dex: 15    Spells: 22/23 levels left

rFire    + . .     SeeInvis .     - Unarmed
rCold    + . .     Gourm    +   m - +3 shield of Neiriv {-Tele rF+ Regen+ Stlth+}
rNeg     . . .     Faith    .   o - +0 acid dragon scales
rPois    .         Spirit   .   F - +2 hat {MR+}
rElec    +         Reflect  .   q - +0 cloak
rCorr    +         Harm     .   (gloves unavailable)
MR       +++..     NoTele   +   (boots unavailable)
Stlth    ++........             a - amulet of magic regeneration
HPRegen  1.14/turn              L - ring of Xucs {rC+ Dex+5 Slay+5}
MPRegen  0.42/turn              (no ring)

@: exhausted, glowing, heavenly storm
A: large, unfitting armour, claws 3, fast metabolism 3, gourmand, magic
resistance 1, regeneration 1, shaggy fur 1, electricity resistance, tough skin 2
a: Wall Jump, Serpent's Lash, Heavenly Storm, Renounce Religion


You were on level 6 of the Lair of Beasts.
You worshipped Wu Jian.
Wu Jian was exalted by your worship.
You were very full.

You visited 3 branches of the dungeon, and saw 23 of its levels.
You also visited: Labyrinth.

You collected 2481 gold pieces.
You spent 1960 gold pieces at shops.

Inventory:

Hand Weapons
 D - the +6 mace of Prescription {venom, rN+++ Int-5 Dex+9}
   (You found it on level 12 of the Dungeon)

   It poisons the flesh of those it strikes.
   It affects your intelligence (-5).
   It affects your dexterity (+9).
   It renders you almost immune to negative energy.
Armour
 m - the +3 shield of Neiriv (worn) {-Tele rF+ Regen+ Stlth+}
   (You found it on level 4 of the Dungeon)

   It protects you from fire.
   It prevents most forms of teleportation.
   It increases your rate of regeneration.
   It makes you more stealthy.
 o - +0 acid dragon scales (worn)
 q - a +0 cloak (worn)
 F - a +2 hat of magic resistance (worn)
 I - +0 ice dragon scales
Jewellery
 a - an amulet of magic regeneration (around neck)
 h - an uncursed ring of fire {unknown}
 j - an uncursed ring of wizardry
 t - an uncursed ring of see invisible
 v - an uncursed ring of positive energy
 x - a cursed ring of teleportation {unknown}
 L - the ring of Xucs (left claw) {rC+ Dex+5 Slay+5}
   (You bought it in a shop on level 6 of the Dungeon)

   [ring of slaying]

   It affects your dexterity (+5).
   It affects your accuracy and damage with ranged weapons and melee attacks
   (+5).
   It protects you from cold.
Wands
 w - a wand of acid (9)
 z - a wand of flame (55)
 G - a wand of random effects (22)
 H - a wand of disintegration (17)
 K - a wand of scattershot (2)
 P - a wand of enslavement (19)
Scrolls
 b - 5 scrolls of remove curse
 e - a scroll of magic mapping
 f - 14 scrolls of teleportation
 s - 2 scrolls of blinking
 y - 3 scrolls of fog
 E - a scroll of enchant weapon
 N - 4 scrolls of enchant armour
 O - 2 scrolls of amnesia
Potions
 d - 5 potions of lignification
 g - a potion of flight {unknown}
 i - a potion of magic
 l - 10 potions of curing
 n - 3 potions of brilliance
 p - 2 potions of mutation
 r - 2 potions of invisibility
 u - 3 potions of agility
 A - 4 potions of cancellation
 C - a potion of ambrosia
 M - a potion of might
Miscellaneous
 B - a fan of gales
 Q - a lightning rod (4/4)
 R - a lamp of fire
Comestibles
 c - 53 rations
 k - a chunk of flesh


   Skills:
 + Level 10.2 Fighting
 + Level 6.3 Armour
 - Level 4.0 Dodging
 * Level 5.6 Stealth
 + Level 5.9 Shields
 * Level 18.5 Unarmed Combat
 - Level 4.5 Spellcasting
 - Level 6.0 Conjurations
 + Level 2.5 Evocations


You had 22 spell levels left.
You knew the following spells:

 Your Spells              Type           Power        Failure   Level  Hunger
a - Magic Dart            Conj           ###.         4%          1    #......


Dungeon Overview and Level Annotations

Branches:
Dungeon (15/15)            Temple (0/1) D:7            Lair (6/6) D:9
 Shoals (0/4) Lair:2       Spider (0/4) Lair:2        Slime (0/5) Lair:6
    Orc (2/2) D:12            Elf (0/3) Orc:2        Vaults (0/5) D:14
 Depths (0/5) D:15

Altars:
Gozag
Vehumet
Wu Jian
Xom
The Shining One

Shops:
D:6 =[   D:8 *}   D:9 (   D:15 *   Orc:2 (*%*


Innate Abilities, Weirdness & Mutations

You are too large for most types of armour.
You have claws for hands.
Your metabolism is lightning-fast.
You like to eat raw meat.
Your natural rate of healing is unusually fast.
You are covered in fur. (AC +1)
You have very tough skin. (AC +2)
You are resistant to hostile enchantments. (MR+)
You are resistant to electric shocks. (rElec)


Message History

Unknown command.
Unknown command.
You spin and attack the blink frog.
You barely miss the blink frog. You block the blink frog's attack.
You block the vampire mosquito's attack.
Unknown command.
Unknown command.
You spin and attack the vampire mosquito repeatedly.
You claw the vampire mosquito!
The vampire mosquito is heavily damaged.
You barely miss the vampire mosquito.
The vampire mosquito is heavily damaged.
You spin and attack the blink frog.
You mangle the blink frog!!
The blink frog is severely wounded.
You hear a loud, deep croak!
The vampire mosquito bites you.
* * * LOW HITPOINT WARNING * * *
The vampire mosquito draws strength from your injuries!
The blink frog hits you!
You die...

......#######..,##..≈≈≈≈≈≈≈≈≈≈≈**
.....###...##..##..≈≈≈≈≈≈≈≈≈≈≈≈**
..##........§§§§#§§≈≈≈P≈≈≈≈≈≈≈≈≈*
P##.......P.§§§§§§§P≈≈≈≈≈≈≈≈≈≈≈**
####..##..PP##§§§§§§≈≈≈≈≈≈≈≈≈≈≈*,
##...####P.####§§§§§P≈≈≈≈P≈≈≈,**,
..#.## #### #§§§§§PyF≈≈≈≈,≈≈**≈
...## ###§y§§≈≈#≈≈≈,≈≈≈≈*≈ ..†.##
#P§@F§§≈≈#≈≈F≈≈,,≈*≈ ...#.#
##§P§§≈≈##≈wPP,,,≈≈≈ ....##
##§§§#####≈PP,,,≈≈≈ ....#
#≈.P≈≈##≈≈≈#≈,,≈≈,≈ ....#
#####.P..≈#≈≈≈≈#≈≈≈≈≈,≈ ...##
###...≈≈..≈P≈≈≈P≈#*≈≈≈,≈≈
....#####...#.#≈P..≈≈P≈≈≈#*,≈,≈≈≈
...............#...≈≈≈≈≈.#*≈≈≈≈≈≈
..............#..††.≈≈≈≈.#*≈≈≈≈≈≈


You could see a blink frog (pinned) and a vampire mosquito (pinned).

Vanquished Creatures
  Gastronok (Lair:1)
  2 orc warlords
  A minotaur (Lab)
  Josephine (Orc:1)
  A fire dragon (D:15)
  Snorg (D:14)
  An ogre mage (D:15)
  Erolcha (Orc:2)
  7 vault guards (D:14)
  2 ice dragons (D:15)
  5 hydras
  The ghost of Hook the Martial Artist, a journeyman DsTm (D:9)
  A catoblepas (Lair:3)
  6 two-headed ogres
  A centaur warrior (D:14)
  A tengu warrior (D:15)
  5 orc high priests (Orc:2)
  6 death yaks (Lair:5)
  Nergalle (Lair:1)
  3 unseen horrors
  A wizard (D:15)
  10 orc knights
  An orc sorcerer (Orc:2)
  11 ugly things
  2 manticores (D:14)
  A shining eye (Orc:2)
  Maurice (Orc:1)
  5 centaur zombies
  A black mamba (Lair:5)
  Joseph (D:7)
  Psyche (D:8)
  3 orange demons (D:14)
  The ghost of Paulus the Slasher, a novice FoFi (D:5)
  18 spiny frogs
  A centaur skeleton (D:12)
  3 gargoyles
  2 rime drakes
  An efreet (D:15)
  2 kobold demonologists
  A tengu conjurer (D:15)
  A minotaur skeleton (Lab)
  12 komodo dragons
  4 trolls
  3 tyrant leeches (Lair:6)
  A queen bee (D:11)
  6 hornets
  Prince Ribbit (D:8)
  2 polar bears
  25 blink frogs
  9 slime creatures
  11 hippogriffs
  2 meliai zombies (D:15)
  A shadow (D:11)
  2 redbacks (Lab)
  7 fire bats (Lair:3)
  21 yaks
  4 wraiths (Orc:1)
  3 wyverns
  A hungry ghost (D:8)
  4 basilisks
  A steam dragon (Lair:3)
  Menkaure (D:6)
  5 vampire mosquitoes (Lair:6)
  2 acid dragons
  6 wargs
  17 water moccasins
  18 porcupines
  5 black bears
  47 orc warriors
  4 sky beasts
  10 ice beasts
  2 phantoms
  2 necrophages
  10 ogres
  10 wolves
  2 eyes of draining
  12 centaurs
  13 crocodiles
  22 big kobolds
  A wyvern zombie (D:10)
  31 bullfrogs
  4 scorpions
  28 killer bees
  14 wights
  The ghost of inmateoo the Digger, a weakling GnWn (D:3)
  2 bullfrog zombies
  7 crimson imps
  7 jellies
  Crazy Yiuf (D:5)
  17 orc wizards
  30 orc priests
  8 hounds
  12 iguanas
  6 worker ants
  5 hell rats (Lair:4)
  A killer bee zombie (D:7)
  A hound skeleton (D:7)
  Robin (D:3)
  9 gnolls
  8 adders
  3 shadow imps
  An ooze (D:5)
  An adder skeleton (D:9)
  5 worms
  10 dart slugs
  11 leopard geckos
  89 orcs
  3 giant cockroaches
  11 goblins
  7 hobgoblins
  2 jackals (D:8)
  23 kobolds
  5 quokkas
  2 ball pythons
  9 bats
  6 frilled lizards
  2 quokka skeletons
  10 rats
818 creatures vanquished.

Vanquished Creatures (others)
  2 unseen horrors (D:15)
  7 fungi
  27 plants
36 creatures vanquished.

Grand Total: 854 creatures vanquished

Notes
Turn   | Place    | Note
-------+----------+-------------------------------------------
     0 | D:1      | inmateoo the Troll Conjurer began the quest for the Orb.
     0 | D:1      | Reached XP level 1. HP: 16/16 MP: 1/1
    20 | D:1      | Reached skill level 1 in Unarmed Combat
   134 | D:1      | Reached XP level 2. HP: 16/24 MP: 2/2
   175 | D:1      | Reached skill level 2 in Unarmed Combat
   387 | D:1      | Reached XP level 3. HP: 31/31 MP: 3/3
   664 | D:1      | Reached skill level 3 in Unarmed Combat
  1034 | D:2      | Reached skill level 4 in Unarmed Combat
  1034 | D:2      | Reached XP level 4. HP: 26/39 MP: 4/4
  1056 | D:2      | Found a glowing golden altar of the Shining One.
  1418 | D:3      | Noticed Robin
  1470 | D:3      | Killed Robin
  1554 | D:3      | Reached XP level 5. HP: 8/45 MP: 5/5
  1674 | D:3      | Noticed inmateoo's ghost (weakling GnWn)
  1689 | D:3      | Killed inmateoo's ghost
  1689 | D:3      | Reached skill level 5 in Unarmed Combat
  1844 | D:3      | Noticed a crocodile
  1862 | D:3      | Killed a crocodile
  1862 | D:3      | Reached XP level 6. HP: 42/53 MP: 6/6
  1864 | D:3      | Reached skill level 6 in Unarmed Combat
  2090 | D:3      | Found a faded altar of an unknown god.
  2099 | D:3      | Became a worshipper of the Wu Jian Council
  2099 | D:3      | Reached * piety under Wu Jian
  2557 | D:4      | Found a radiant altar of Vehumet.
  2741 | D:4      | Got a faintly humming shield
  2747 | D:4      | Identified the +3 shield of Neiriv {-Tele rF+ Regen+ Stlth+} (You found it on level 4 of the Dungeon)
  3047 | D:5      | Entered Level 5 of the Dungeon
  3048 | D:5      | Upgraded the game from 0.22-a0-79-g605b837 to 0.22-a0-231-g1b571ea
  3048 | D:5      | Upgraded the game from 0.22-a0-231-g1b571ea to 0.22-a0-252-gcace5d2
  3048 | D:5      | Upgraded the game from 0.22-a0-252-gcace5d2 to 0.22-a0-284-g99d1f74
  3101 | D:5      | Noticed Paulus's ghost (novice FoFi)
  3303 | D:5      | Reached skill level 7 in Unarmed Combat
  3303 | D:5      | Reached XP level 7. HP: 51/61 MP: 7/7
  3603 | D:5      | Killed Paulus's ghost
  3603 | D:5      | Reached ** piety under Wu Jian
  3603 | D:5      | Reached skill level 1 in Fighting
  3603 | D:5      | Reached skill level 8 in Unarmed Combat
  3958 | D:5      | Found a runed door.
  4013 | D:5      | Noticed Crazy Yiuf
  4019 | D:5      | Killed Crazy Yiuf
  4034 | D:5      | Gained mutation: You are resistant to hostile enchantments. (MR+) [potion of mutation]
  4034 | D:5      | Gained mutation: You are dopey. (Int -2) [potion of mutation]
  4034 | D:5      | Gained mutation: You are resistant to electric shocks. (rElec) [potion of mutation]
  4298 | D:6      | Reached skill level 9 in Unarmed Combat
  4298 | D:6      | Reached XP level 8. HP: 56/70 MP: 8/8
  4499 | D:6      | Reached skill level 10 in Unarmed Combat
  4577 | D:6      | Found Wijisiuf's Armour Emporium.
  4709 | D:6      | Noticed Menkaure
  4715 | D:6      | Killed Menkaure
  4806 | D:6      | Found Effiug's Jewellery Boutique.
  5155 | D:7      | Reached skill level 11 in Unarmed Combat
  5214 | D:7      | Noticed Joseph
  5228 | D:7      | Reached XP level 9. HP: 40/79 MP: 9/9
  5229 | D:7      | Killed Joseph
  5353 | D:7      | Found a staircase to the Ecumenical Temple.
  5510 | D:7      | Reached skill level 1 in Shields
  5778 | D:8      | Found Joigamem's Assorted Antiques.
  5832 | D:8      | Reached skill level 12 in Unarmed Combat
  5955 | D:8      | Noticed Prince Ribbit
  5961 | D:8      | Killed Prince Ribbit
  5991 | D:8      | Noticed Psyche
  5998 | D:8      | Killed Psyche
  5998 | D:8      | Reached XP level 10. HP: 86/91 MP: 10/12
  6052 | D:8      | Paralysed by a hornet for 2 turns
  6147 | D:8      | Reached *** piety under Wu Jian
  6252 | D:8      | Found Tyastrut's Gadget Shop.
  6477 | D:9      | Noticed Hook's ghost (journeyman DsTm)
  6497 | D:9      | Killed Hook's ghost
  6862 | D:9      | Found a staircase to the Lair.
  7355 | D:9      | Found Zujozxov's Antique Weapon Boutique.
  7511 | D:10     | Entered Level 10 of the Dungeon
  7620 | D:10     | Noticed a two-headed ogre
  7690 | D:10     | Reached **** piety under Wu Jian
  7690 | D:10     | Reached XP level 11. HP: 96/100 MP: 14/14
  7701 | D:10     | Noticed a soul eater
  7703 | D:10     | Killed a two-headed ogre
  7705 | D:10     | Reached skill level 13 in Unarmed Combat
  7726 | D:10     | Noticed a soul eater
  7896 | D:10     | Noticed a two-headed ogre
  7900 | D:10     | Killed a two-headed ogre
  8461 | D:11     | Reached skill level 5 in Conjurations
  8601 | D:11     | Reached ***** piety under Wu Jian
  8626 | D:11     | Noticed a five-headed hydra
  8752 | D:12     | Found a staircase to the Orcish Mines.
  8953 | D:12     | Noticed a red ugly thing
  8960 | D:12     | Killed a red ugly thing
  9067 | D:12     | Got a jewelled mace
  9068 | D:12     | Identified the +6 mace of Prescription {venom, rN+++ Int-5 Dex+9} (You found it on level 12 of the Dungeon)
  9212 | D:12     | Reached XP level 12. HP: 100/107 MP: 16/16
  9248 | D:12     | Reached skill level 14 in Unarmed Combat
  9544 | D:11     | HP: 4/107 [five-headed hydra (4)]
  9554 | D:11     | Killed a five-headed hydra
  9656 | D:11     | Paralysed by a hornet for 3 turns
  9666 | D:11     | Reached skill level 5 in Shields
  9776 | D:11     | Noticed a two-headed ogre
  9778 | D:11     | Killed a two-headed ogre
  9820 | D:11     | Noticed a two-headed ogre
  9826 | D:11     | Killed a two-headed ogre
  9983 | D:13     | Paralysed by a hornet for 1 turns
 10372 | D:13     | Got a pitted scimitar
 10374 | D:13     | Identified the cursed +1 scimitar of Pandemonium {flame, MR+} (You found it on level 13 of the Dungeon)
 10412 | D:13     | HP: 1/107 [slime creature (9)]
 10877 | D:14     | Noticed a centaur warrior
 10885 | D:14     | Killed a centaur warrior
 10893 | D:14     | Reached skill level 15 in Unarmed Combat
 10949 | D:14     | Found a gate to the Vaults.
 10949 | D:14     | Noticed a vault guard
 10949 | D:14     | Noticed a vault guard
 10949 | D:14     | Noticed a vault guard
 10950 | D:14     | Noticed a vault guard
 10950 | D:14     | Noticed a vault guard
 10950 | D:14     | Noticed a vault guard
 10950 | D:14     | Noticed a vault guard
 10950 | D:14     | Noticed a vault guard
 10986 | D:14     | Killed a vault guard
 11027 | D:14     | Killed a vault guard
 11041 | D:14     | Killed a vault guard
 11041 | D:14     | Reached skill level 5 in Fighting
 11046 | D:14     | Killed a vault guard
 11046 | D:14     | Reached XP level 13. HP: 60/118 MP: 18/18
 11114 | D:14     | Noticed Snorg
 11127 | D:14     | Killed Snorg
 11695 | D:14     | Reached skill level 16 in Unarmed Combat
 11726 | D:14     | Reached ****** piety under Wu Jian
 12101 | D:15     | Entered Level 15 of the Dungeon
 12410 | D:15     | Found Gozag's Platinum Reserve.
 12490 | D:15     | Found a shimmering altar of Xom.
 12677 | D:15     | Found an opulent altar of Gozag.
 12834 | D:15     | Reached skill level 17 in Unarmed Combat
 12926 | D:15     | Noticed a red very ugly thing
 13149 | D:15     | Reached XP level 14. HP: 132/133 MP: 19/19
 13257 | D:15     | Found a staircase to the Depths.
 13490 | Orc:1    | Entered Level 1 of the Orcish Mines
 13499 | Orc:1    | Noticed Maurice
 13520 | Orc:1    | Killed Maurice
 13690 | Orc:1    | Noticed Josephine
 13701 | Orc:1    | Killed Josephine
 14082 | Orc:2    | Entered Level 2 of the Orcish Mines
 14092 | Orc:2    | Noticed Erolcha
 14099 | Orc:2    | Killed Erolcha
 14223 | Orc:1    | Noticed an orc warlord
 14332 | Orc:1    | Killed an orc warlord
 14332 | Orc:1    | Reached skill level 1 in Armour
 14562 | Orc:2    | Found a staircase to the Elven Halls.
 14846 | Orc:2    | Noticed Sonja
 14852 | Orc:2    | Noticed Sonja
 14852 | Orc:2    | Sonja changed into Sonja the sky beast
 14860 | Orc:2    | Killed Sonja the sky beast
 15273 | D:6      | Bought the ring of Xucs {rC+ Dex+5 Slay+5} for 1933 gold pieces
 15770 | Orc:2    | Noticed an orc warlord
 15792 | Orc:2    | Killed an orc warlord
 15966 | Orc:2    | Reached skill level 18 in Unarmed Combat
 16078 | Orc:2    | Noticed Nessos
 16089 | Orc:2    | Noticed Nessos
 16089 | Orc:2    | Nessos changed into Nessos the shining eye
 16090 | Orc:2    | Gained mutation: You are weak. (Str -2) [Nessos]
 16094 | Orc:2    | Gained mutation: You tend to lose your temper in combat. [Nessos]
 16096 | Orc:2    | Killed Nessos the shining eye
 16124 | Orc:2    | Lost mutation: You are dopey. (Int -2) [potion of mutation]
 16124 | Orc:2    | Lost mutation: You tend to lose your temper in combat. [potion of mutation]
 16124 | Orc:2    | Lost mutation: You are weak. (Str -2) [potion of mutation]
 16124 | Orc:2    | Lost mutation: You are resistant to hostile enchantments. (MR+) [potion of mutation]
 16124 | Orc:2    | Gained mutation: You are resistant to hostile enchantments. (MR+) [potion of mutation]
 16535 | Orc:2    | Found Tananim's Antique Weapon Shoppe.
 16535 | Orc:2    | Found Upapleon's General Store.
 16536 | Orc:2    | Found Teenk's Assorted Antiques.
 16536 | Orc:2    | Found Alukap's Food Emporium.
 16544 | Orc:2    | Bought a metallic silvery potion for 27 gold pieces
 16739 | Lair:1   | Entered Level 1 of the Lair of Beasts
 16739 | Lair:1   | Noticed Gastronok
 16750 | Lair:1   | Killed Gastronok
 16917 | Lair:1   | Noticed Nergalle
 16927 | Lair:1   | Killed Nergalle
 17466 | Lair:2   | Reached skill level 5 in Armour
 17484 | Lair:2   | Found a staircase to the Shoals.
 17731 | Lair:2   | Reached XP level 15. HP: 147/149 MP: 20/20
 17760 | Lair:2   | Found a hole to the Spider Nest.
 18581 | Lair:3   | HP: 5/149 [14-headed hydra (9)]
 19361 | Lair:3   | Reached skill level 1 in Evocations
 20624 | Lair:5   | Reached skill level 5 in Stealth
 20696 | Lair:5   | Reached skill level 10 in Fighting
 21203 | Lair:6   | Entered Level 6 of the Lair of Beasts
 21243 | Lair:6   | Found a staircase to the Slime Pits.
 21274 | Lair:6   | Found a labyrinth entrance.
 21359 | Lab      | Entered a labyrinth
 21709 | Lair:6   | HP: 7/149 [vampire mosquito (2)]
 21709 | Lair:6   | HP: 3/149 [spiny frog (4)]
 21714 | Lair:6   | HP: 5/149 [blink frog (10)]
 21716 | Lair:6   | Mangled by a blink frog

Vault maps used:
D:1:      dpeg_arrival_short_road, minmay_tromino_i2
D:2:      tso_altar
D:3:      chequers_ecumenical_altar_simple_redux, roderic_lattice_a, uniq_robin
D:4:      lemuel_doored_altar, first_ration
D:5:      kennysheep_slugbush, minmay_misc_feat_doors, roderic_serpentine_path,
          uniq_crazy_yiuf_cottage
D:6:      cheibrodos_helix_gallery, serial_shops, shop, shop,
          minmay_misc_feat_four_crosses, kennysheep_generic_room_3,
          uniq_menkaure
D:7:      minmay_temple_entry_mist, uniq_joseph
D:8:      serial_shops, nicolae_shop_stone, kennysheep_mini_moat, uniq_psyche,
          uniq_prince_ribbit1
D:9:      lair_entry_dummy, serial_shops, nicolae_shop_behind_doors
D:11:     david_nohive_1
D:12:     minmay_misc_feat_nine_boxes
D:14:     erik_vaults_2, glass_columns_a, einodemon_barbed_minivault, uniq_snorg
D:15:     grunt_enter_depths_hoard, nicolae_gozag_zags_fifth_avenue, basic_altar
Lair:1:   st_stairs_8, uniq_nergalle, uniq_gastronok
Lair:2:   beast_lair_carwin_large_4, elwin_shoals_entry_rocks,
          nicolae_spider_entry_orb_guardian
Lair:3:   beast_lair_carwin_6, lemuel_fruit_tree
Lair:4:   st_stairs_7, nicolae_quartered_pool_little, grunt_megastairs_2
Lair:6:   minmay_lair_end_frog_pond, slime_dummy, lab_entry_generic
Orc:1:    nicolae_orc_rich_vein, uniq_maurice, uniq_josephine
Orc:2:    st_orc_pillars, uniq_erolcha, uniq_sonja, uniq_nessos
Lab:      labyrinth_watery, nicolae_lab_blocks, lab_block, nicolae_lab_x,
          nicolae_lab_stuck, nicolae_lab_arrow, labyrinth_lava_lair,
          nicolae_lab_swirl

Skill      XL: |  1  2  3  4  5  6  7  8  9 10 11 12 13 14 15 |
---------------+----------------------------------------------+-----
Unarmed Combat | 1 2 4 5 7 9 11 12 13 15 17 18 | 18.5
Fighting       | 1 2 3 4 5 7 9 10 | 10.2
Conjurations   | 3 4 5 6 |  6.0
Dodging        | 3 4 |  4.0
Shields        | 1 3 4 5 |  5.9
Spellcasting   | 2 3 4 |  4.5
Stealth        | 2 3 4 5 |  5.6
Armour         | 5 6 |  6.3
Evocations     | 2 |  2.5

Action                   |  1- 3 |  4- 6 |  7- 9 | 10-12 | 13-15 || total
-------------------------+-------+-------+-------+-------+-------++-------
Melee: Unarmed           |   122 |   198 |   281 |   838 |  1430 ||  2869
       Punch             |       |     2 |       |       |       ||     2
       Mace              |       |       |       |     7 |       ||     7
Invok: Lunge             |       |    10 |    19 |    48 |    94 ||   171
       Whirlwind         |       |       |    88 |   110 |   223 ||   421
       Wall Jump         |       |       |     4 |    28 |    58 ||    90
       Serpent's Lash    |       |       |       |       |     8 ||     8
       Heavenly Storm    |       |       |       |       |     1 ||     1
 Abil: Wall Jump         |       |       |       |       |     2 ||     2
Evoke: Wand              |       |       |       |     2 |    24 ||    26
  Use: Scroll            |     3 |     6 |     6 |     8 |     9 ||    32
       Potion            |       |       |     1 |     3 |     6 ||    10
 Stab: Sleeping          |     1 |     4 |    11 |    14 |    24 ||    54
       Distracted        |       |       |       |     2 |     4 ||     6
       Confused          |       |       |       |       |     2 ||     2
  Eat: Chunk             |    13 |    18 |    31 |    47 |   100 ||   209
Armor: Robe              |    47 |    71 |    52 |    66 |       ||   236
       Acid dragon scale |       |       |       |    64 |   201 ||   265
       Skin              |       |       |       |     7 |       ||     7
       Ice dragon scales |       |       |       |       |    50 ||    50
Dodge: Dodged            |    73 |   105 |    65 |   142 |   265 ||   650
Block: Shield            |       |    13 |    85 |   336 |   551 ||   985

Table legend:
 A = Spawn XP
 B = Non-spawn XP
 C = Spawn XP percentage of total XP
 D = Spawn monster count
 E = Non-spawn monster count
 F = Spawn count percentage of total count
 G = Total turns spent on level
                    A         B        C        D         E        F      G
               +---------+---------+-------+---------+---------+-------+---------
         Total |       0 |  144964 |   0.0 |       0 |     819 |   0.0 | 21716
               +---------+---------+-------+---------+---------+-------+---------
           D:1 |       0 |      55 |   0.0 |       0 |      30 |   0.0 |   846
           D:2 |       0 |      96 |   0.0 |       0 |      21 |   0.0 |   653
           D:3 |       0 |     288 |   0.0 |       0 |      31 |   0.0 |   937
           D:4 |       0 |      70 |   0.0 |       0 |      10 |   0.0 |   636
           D:5 |       0 |     810 |   0.0 |       0 |      16 |   0.0 |  1192
           D:6 |       0 |     882 |   0.0 |       0 |      19 |   0.0 |   921
           D:7 |       0 |    2086 |   0.0 |       0 |      33 |   0.0 |   845
           D:8 |       0 |    2312 |   0.0 |       0 |      32 |   0.0 |   751
           D:9 |       0 |    3444 |   0.0 |       0 |      30 |   0.0 |  1134
          D:10 |       0 |    6269 |   0.0 |       0 |      50 |   0.0 |   849
          D:11 |       0 |    6523 |   0.0 |       0 |      35 |   0.0 |   928
          D:12 |       0 |    5541 |   0.0 |       0 |      27 |   0.0 |   906
          D:13 |       0 |    4037 |   0.0 |       0 |      18 |   0.0 |   735
          D:14 |       0 |   17640 |   0.0 |       0 |      57 |   0.0 |  1441
          D:15 |       0 |   16370 |   0.0 |       0 |      43 |   0.0 |  1249
        Lair:1 |       0 |    6459 |   0.0 |       0 |      21 |   0.0 |   713
        Lair:2 |       0 |    7043 |   0.0 |       0 |      37 |   0.0 |  1008
        Lair:3 |       0 |    7959 |   0.0 |       0 |      33 |   0.0 |  1198
        Lair:4 |       0 |    5788 |   0.0 |       0 |      32 |   0.0 |   595
        Lair:5 |       0 |   11662 |   0.0 |       0 |      33 |   0.0 |   950
        Lair:6 |       0 |   11825 |   0.0 |       0 |      46 |   0.0 |   249
         Orc:1 |       0 |    7034 |   0.0 |       0 |      46 |   0.0 |   937
         Orc:2 |       0 |   18324 |   0.0 |       0 |     114 |   0.0 |  1779
           Lab |       0 |    2447 |   0.0 |       0 |       5 |   0.0 |   264
               +---------+---------+-------+---------+---------+-------+---------
